 Dungeon Crawl Stone Soup version 0.22-a0-303-g4a852b3 (webtiles) character file.

3 StCgurps the Covered (level 1, 0/14 HPs)
             Began as a Gargoyle Fighter on Mar 27, 2018.
             Slain by a bat (1 damage)
             ... on level 1 of the Dungeon.
             The game lasted 00:00:13 (53 turns).

StCgurps the Covered (Gargoyle Fighter)               Turns: 53, Time: 00:00:14

Health: 0/14       AC:  9    Str: 19    XL:     1   Next: 50%
Magic:  1/1        EV:  7    Int:  8    God:
Gold:   0          SH:  9    Dex:  9    Spells: 0/0 levels left

rFire    . . .     SeeInvis .   a - +0 flail
rCold    . . .     Gourm    .   c - +0 shield
rNeg     + . .     Faith    .   b - +0 scale mail
rPois    ∞         Spirit   .   (no helmet)
rElec    +         Reflect  .   (no cloak)
rCorr    .         Harm     .   (no gloves)
MR       .....                  (no boots)
Stlth    ..........             (no amulet)
HPRegen  0.04/turn              (no ring)
MPRegen  0.07/turn              (no ring)

@: no status effects
A: negative energy resistance 1, electricity resistance, unbreathing,
petrification resistance, rot immunity, AC +2
a: no special abilities


You were on level 1 of the Dungeon.
You were not hungry.

You visited 1 branch of the dungeon, and saw 1 of its levels.

Inventory:

Hand Weapons
 a - a +0 flail (weapon)
Armour
 b - a +0 scale mail (worn)
 c - a +0 shield (worn)
Scrolls
 e - a scroll of identify {unknown}
Potions
 d - a potion of might
 g - a potion of haste {unknown}
Comestibles
 f - a ration


   Skills:
 + Level 3.3 Fighting
 + Level 2.0 Maces & Flails
 + Level 3.3 Armour
 + Level 3.3 Shields


You couldn't memorise any spells.
You didn't know any spells.

Dungeon Overview and Level Annotations

Branches:
Dungeon (1/15)

Altars:


Innate Abilities, Weirdness & Mutations

You are resistant to torment.
Your stone body is resilient. (AC +2)
You are immune to poison.
You resist negative energy. (rN+)
You are resistant to electric shocks. (rElec)
You can survive without breathing.
You are immune to petrification.
You are immune to rotting.


Message History

The goblin hits you but does no damage.
The hobgoblin hits you but does no damage.
You block the goblin's attack. You block the hobgoblin's attack.
You sock the hobgoblin!
You kill the hobgoblin!
You block the bat's attack. The bat hits you but does no damage.
You block the bat's attack. The goblin hits you but does no damage.
You block the bat's attack. The goblin hits you but does no damage.
There is an open door, spattered with blood here.
Things that are here:
a club; a hobgoblin corpse You closely miss the bat.
The bat completely misses you. The bat barely misses you.
The goblin hits you but does no damage. You block the goblin's attack.
The bat hits you but does no damage. x2; You block the bat's attack.
The goblin hits you with a dagger.
* * * LOW HITPOINT WARNING * * *
You closely miss the goblin. The bat hits you but does no damage.
The bat hits you.
You die...

................⌠...##
..⌠.........⌠........##
......................#
.......<..........⌠...#
......................#
..⌠.........⌠........##
....(...........⌠...##
......bb..........###
#......@g....(#####
########)#######
#.......)...#
#....!..(...#
............#
..........$.#
............#
............#
............#


You could see a goblin and 2 bats.

Vanquished Creatures
  A hobgoblin (D:1)
  A kobold (D:1)
  2 rats (D:1)
4 creatures vanquished.

Notes
Turn   | Place    | Note
-------+----------+-------------------------------------------
     0 | D:1      | StCgurps the Gargoyle Fighter began the quest for the Orb.
     0 | D:1      | Reached XP level 1. HP: 14/14 MP: 1/1
    53 | D:1      | Slain by a bat

Vault maps used:
D:1:      dpeg_arrival_water_temple_mockup, minmay_misc_feat_more_columns,
          minmay_shallow_snake_nest

Action                   || total
-------------------------++-------
Melee: Flail             ||    19
Armor: Scale mail        ||    39
Dodge: Dodged            ||    23
Block: Shield            ||    38

Table legend:
 A = Spawn XP
 B = Non-spawn XP
 C = Spawn XP percentage of total XP
 D = Spawn monster count
 E = Non-spawn monster count
 F = Spawn count percentage of total count
 G = Total turns spent on level
                    A         B        C        D         E        F      G
               +---------+---------+-------+---------+---------+-------+---------
         Total |       0 |       5 |   0.0 |       0 |       4 |   0.0 |    53
               +---------+---------+-------+---------+---------+-------+---------
           D:1 |       0 |       5 |   0.0 |       0 |       4 |   0.0 |    53
               +---------+---------+-------+---------+---------+-------+---------
